 Dungeon Crawl Stone Soup version 0.25-a0-597-gb30770a0c0 (webtiles) character file.

Game seed: 3511051756416855851, levelgen mode: deterministic

8977 Conn the Destroyer (level 11, -2/61 HPs)
             Began as an Octopode Wizard on Mar 15, 2020.
             Was a Priest of Sif Muna.
             Slain by a cyan ugly thing (16 damage)
             ... on level 12 of the Dungeon.
             The game lasted 01:08:41 (16990 turns).

Conn the Destroyer (Octopode Wizard)               Turns: 16990, Time: 01:08:42

Health: -2/61      AC:  1    Str:  9    XL:     11   Next: 39%
Magic:  4/23       EV: 13    Int: 22    God:    Sif Muna [***...]
Gold:   66         SH:  5    Dex: 12    Spells: 1/27 levels left

rFire    + . .     SeeInvis +   a - +1 rapier (holy)
rCold    . . .     Gourm    .   (no shield)
rNeg     . . .     Faith    .   y - +0 hat
rPois    .         Spirit   .   L - +5 amulet of reflection
rElec    .         Reflect  +   d - ring of wizardry
rCorr    .         Harm     .   l - +2 ring of intelligence
MR       .....                  z - ring of wizardry
Stlth    +++.......             M - ring of protection from fire
HPRegen  0.20/turn              O - ring of see invisible
MPRegen  0.18/turn              (no ring)
                                (no ring)
                                (no ring)

@: no status effects
A: almost no armour, stealthy swim, amphibious, 8 rings, constrict 8, camouflage
1, gelatinous body 1
a: Channel Magic, Forget Spell, Renounce Religion


You were on level 12 of the Dungeon.
You worshipped Sif Muna.
Sif Muna was most pleased with you.
You were not hungry.

You visited 2 branches of the dungeon, and saw 13 of its levels.

You collected 341 gold pieces.
You spent 275 gold pieces at shops.

Inventory:

Hand Weapons
 a - a +1 rapier of holy wrath (weapon)
 b - a +0 hand crossbow
 e - a +0 dagger
 n - a +4 falchion
 q - a +0 short sword
 u - a +0 rapier
 v - a +2 flail of protection
 I - a +1 spear of flaming
 K - a +2 dagger of venom
Missiles
 f - 2 curare-tipped darts
 g - 378 stones
 h - 208 arrows
 k - 57 bolts
 A - 20 boomerangs (quivered)
 B - 37 sling bullets
Armour
 y - a +0 hat (worn)
Magical Staves
 C - an uncursed staff of fire
Jewellery
 d - a ring of wizardry (left tentacle)
 l - a +2 ring of intelligence (right tentacle)
 z - a ring of wizardry (on tentacle)
 L - a +5 amulet of reflection (around mantle)
 M - a ring of protection from fire (on tentacle)
 O - a ring of see invisible (on tentacle)
Wands
 w - a wand of flame (14)
 D - a wand of acid (4)
 E - a wand of iceblast (10)
 H - a wand of random effects (31)
Scrolls
 i - 2 scrolls of enchant weapon {unknown}
 j - a scroll of fear {unknown}
 m - 5 scrolls of identify {unknown}
 o - 2 scrolls of magic mapping {unknown}
 r - 6 scrolls of teleportation
 s - 2 scrolls of remove curse
 t - 5 scrolls of immolation {unknown}
 F - a scroll of silence {unknown}
 J - a scroll of holy word {unknown}
 N - a scroll of enchant armour {unknown}
Potions
 p - 3 potions of curing
 x - a potion of flight {unknown}
 G - a potion of ambrosia {unknown}
Comestibles
 c - 18 rations
 P - 4 chunks of flesh


   Skills:
 + Level 0.1 Fighting
 - Level 7.0 Throwing
 - Level 2.0 Dodging
 - Level 2.6 Stealth
 + Level 8.7 Spellcasting
 + Level 10.2 Conjurations
 - Level 1.0 Summonings
 + Level 4.2 Translocations
 - Level 5.2 Air Magic
 - Level 5.3 Invocations


You had one spell level left.
You knew the following spells:

 Your Spells              Type           Power        Failure   Level  Hunger
a - Magic Dart            Conj           ####         1%          1    None
b - Blink                 Tloc           N/A          1%          2    None
c - Call Imp              Summ           ##......     1%          2    None
d - Conjure Flame         Conj/Fire      ####....     1%          3    None
e - Mephitic Cloud        Conj/Pois/Air  ####....     1%          3    None
f - Lightning Bolt        Conj/Air       #####.....   2%          5    #####..
g - Airstrike             Air            ####......   2%          4    ##.....
h - Searing Ray           Conj           ######       1%          2    None
i - Iskenderun's Mystic   Conj/Tloc      #####...     1%          4    ##.....

Your spell library contained the following spells:

 Spells                   Type           Power        Failure   Level  Hunger
 Shock                    Conj/Air       ####         1%          1    None
 Swiftness                Chrm/Air       ###.....     1%          2    None
 Dazzling Flash           Conj/Hex       ####..       1%          3    None
 Static Discharge         Conj/Air       #####...     1%          3    None
 Fulminant Prism          Conj/Hex       ####......   2%          4    ##.....
 Slow                     Hex            #.......     3%          2    None


Dungeon Overview and Level Annotations

Branches:
Dungeon (12/15)            Temple (1/1) D:4            Lair (0/6) D:9
    Orc: D:9-12

Altars:
Ashenzari
Dithmenos
Elyvilon
Fedhas
Hepliaklqana
Kikubaaqudgha
Makhleb
Nemelex Xobeh
Okawaru
Sif Muna
Trog
Vehumet
Wu Jian
Xom
The Shining One

Shops:
D:9 *   D:10 !


Innate Abilities, Weirdness & Mutations

You cannot wear most types of armour.
You are very stealthy in the water. (Stealth+)
You are amphibious.
You can wear up to eight rings at the same time.
You can use your tentacles to constrict eight enemies at once.
Your skin changes colour to match your surroundings (Stealth+).
Your rubbery body absorbs attacks. (AC +1, EV +1)


Message History

Unknown command.
Okay, then.
Okay, then.
Unknown command.
Unknown command.
Okay, then.
Okay, then.
Unknown command.
Okay, then.
Okay, then.
Casting: Mephitic Cloud (safe; 1% risk of failure)
Confirm with . or Enter, or press ? or * to list all spells.
Okay, then.
Unknown command.
Unknown command.
Unknown command.
You feel somewhat more hungry. The cyan ugly thing pecks you!
* * * LOW HITPOINT WARNING * * *
The cyan ugly thing shocks you!
You die...

#+# #.# #@##
#u.#
#####§###
#....5○.#
#....○○.#
#!......#
#5......#
§'.......###
≈§#..>....'.


You could see a cyan ugly thing and a shadow imp.

Vanquished Creatures
  An unseen horror (D:10)
  A manticore (D:11)
  2 centaur zombies
  Maggie (D:8)
  A kobold demonologist (D:10)
  2 trolls (D:9)
  A hornet (D:10)
  A hippogriff (D:10)
  A meliai zombie (D:10)
  Eustachio (D:5)
  Menkaure (D:5)
  Edmund (D:5)
  A soldier ant (D:12)
  An orc warrior (D:6)
  3 ice beasts
  A phantom (D:10)
  2 sky beasts
  4 wolves (D:9)
  6 ogres
  7 centaurs
  2 crocodiles
  4 bullfrogs
  5 big kobolds
  A wyvern zombie (D:9)
  A wyvern skeleton (D:6)
  7 scorpions
  A jelly (D:7)
  10 killer bees
  5 wights (D:6)
  3 electric eels (D:9)
  2 howler monkeys
  A bullfrog zombie (D:5)
  5 crimson imps
  12 hounds
  A quasit (D:9)
  2 bullfrog skeletons
  10 orc wizards
  4 orc priests
  3 centaur skeletons
  7 iguanas
  5 worker ants
  A hound skeleton (D:7)
  A hound zombie (D:10)
  3 gnolls (D:7)
  5 adders
  3 shadow imps
  An ooze (D:7)
  An adder zombie (D:7)
  3 worms
  4 leopard geckos (D:1)
  28 orcs
  A ball python (D:1)
  4 giant cockroaches
  8 goblins
  12 hobgoblins
  7 jackals (D:3)
  7 quokkas
  7 bats
  6 frilled lizards
  16 kobolds
  A leopard gecko skeleton (D:8)
  A quokka skeleton (D:4)
  6 rats
  A butterfly (D:4)
257 creatures vanquished.

Vanquished Creatures (collateral kills)
  An ogre (D:4)
  A killer bee (D:10)
  2 adders
  A worm (D:2)
  A leopard gecko (D:3)
  3 orcs (D:3)
  A goblin (D:3)
  A jackal (D:3)
  A kobold (D:3)
12 creatures vanquished.

Grand Total: 269 creatures vanquished

Notes
Turn   | Place    | Note
-------+----------+-------------------------------------------
     0 | D:1      | Conn the Octopode Wizard began the quest for the Orb.
     0 | D:1      | Reached XP level 1. HP: 11/11 MP: 4/4
   168 | D:1      | Reached skill level 1 in Throwing
   273 | D:1      | Reached XP level 2. HP: 12/17 MP: 3/6
   365 | D:1      | Learned a level 2 spell: Blink
   368 | D:1      | Learned a level 2 spell: Call Imp
   797 | D:1      | Reached XP level 3. HP: 21/21 MP: 4/7
  1441 | D:2      | Found a shadowy altar of Dithmenos.
  1642 | D:2      | Reached skill level 2 in Conjurations
  1764 | D:2      | Found a blossoming altar of Fedhas.
  1787 | D:2      | Reached XP level 4. HP: 17/27 MP: 4/8
  2752 | D:3      | Found a sparkling altar of Nemelex Xobeh.
  2895 | D:3      | Learned a level 3 spell: Conjure Flame
  2910 | D:3      | Reached skill level 3 in Conjurations
  2910 | D:3      | Reached XP level 5. HP: 15/31 MP: 4/9
  3873 | D:3      | Found an iron altar of Okawaru.
  3976 | D:4      | Found a staircase to the Ecumenical Temple.
  3984 | Temple   | Entered the Ecumenical Temple
  4051 | Temple   | Became a worshipper of Sif Muna the Loreminder
  4230 | D:4      | Reached skill level 4 in Conjurations
  4230 | D:4      | Reached XP level 6. HP: 34/36 MP: 10/10
  4931 | D:4      | Reached skill level 5 in Conjurations
  5264 | D:5      | Entered Level 5 of the Dungeon
  5281 | D:5      | Noticed Edmund
  5292 | D:5      | Killed Edmund
  5292 | D:5      | Reached XP level 7. HP: 24/41 MP: 11/11
  5588 | D:5      | Noticed Menkaure
  5620 | D:5      | Killed Menkaure
  5620 | D:5      | Reached skill level 5 in Throwing
  5620 | D:5      | Reached skill level 6 in Conjurations
  5804 | D:5      | Noticed Eustachio
  5814 | D:5      | Learned a level 3 spell: Mephitic Cloud
  5831 | D:5      | Killed Eustachio
  5902 | D:5      | Reached XP level 8. HP: 46/46 MP: 8/12
  5933 | D:5      | Reached skill level 7 in Conjurations
  7061 | D:5      | Reached skill level 8 in Conjurations
  7140 | D:5      | Reached * piety under Sif Muna
  7289 | D:5      | Reached skill level 1 in Invocations
  7500 | D:5      | Found a shimmering altar of Xom.
  8155 | D:6      | Reached XP level 9. HP: 27/51 MP: 4/13
  9386 | D:7      | Reached skill level 1 in Air Magic
 10127 | D:7      | Reached ** piety under Sif Muna
 10135 | D:7      | Reached skill level 5 in Spellcasting
 10979 | D:7      | Learned a level 5 spell: Lightning Bolt
 11184 | D:8      | Reached XP level 10. HP: 23/56 MP: 4/19
 11191 | D:8      | Reached skill level 9 in Conjurations
 11511 | D:8      | You fall into a shaft and drop 2 floors!
 11511 | D:10     | Entered Level 10 of the Dungeon
 11604 | D:9      | Learned a level 4 spell: Airstrike
 11714 | D:8      | Found a hazy altar of Hepliaklqana.
 11719 | D:8      | Noticed Maggie
 11761 | D:8      | Killed Maggie
 12435 | D:8      | Found a glowing golden altar of the Shining One.
 12435 | D:8      | Found a radiant altar of Vehumet.
 12740 | D:9      | Found Nararphezy's Assorted Antiques.
 12744 | D:9      | Bought an ivory ring for 115 gold pieces
 12744 | D:9      | Bought a glass ring for 115 gold pieces
 13301 | D:9      | Found a staircase to the Lair.
 13571 | D:9      | Learned a level 2 spell: Searing Ray
 15346 | D:10     | Found Nougir's Distillery.
 15354 | D:10     | Bought a potion of curing for 45 gold pieces
 15413 | D:10     | Noticed a kobold demonologist
 15414 | D:10     | Noticed a kobold demonologist
 15416 | D:10     | Noticed a smoke demon
 15417 | D:10     | Noticed a sun demon
 15475 | D:10     | Noticed an unseen horror
 15492 | D:10     | Killed an unseen horror
 15492 | D:10     | Reached XP level 11. HP: 21/61 MP: 13/23
 15896 | D:10     | Paralysed by a hornet for 3 turns
 15913 | D:10     | Noticed a skeletal warrior
 16135 | D:10     | Learned a level 4 spell: Iskenderun's Mystic Blast
 16324 | D:10     | Reached *** piety under Sif Muna
 16369 | D:10     | Identified the ring of Democracy {rElec EV+2 Dex+3}
 16372 | D:10     | Reached skill level 10 in Conjurations
 16374 | D:10     | Reached skill level 5 in Air Magic
 16374 | D:10     | Reached skill level 5 in Invocations
 16587 | D:11     | Noticed a manticore
 16608 | D:11     | Killed a manticore
 16913 | D:12     | Noticed a cyan ugly thing
 16990 | D:12     | Slain by a cyan ugly thing

Levels and vault maps discovered:
D:1:      sevenhm_arrival_forest_fort_large_2, layout_loops_ring
D:2:      layout_loops_ring, nicolae_overflow_crystal_walls, corexii_shack,
          nicolae_dithmenos_through_a_glass_darkly
D:3:      minmay_angry_zag, layout_loops_cross, lemuel_coloured_pillars_altar,
          marbit_many_paths
D:4:      layout_loops_ring, minmay_temple_entry_butterflies
D:5:      layout_loops_corners, tgw_xom, first_ration, uniq_menkaure,
          uniq_eustachio, uniq_edmund
D:6:      layout_cave_pools, feat_on_display
D:7:      layout_basic
D:8:      layout_loops_ring, old_standard_altar,
          gammafunk_temple_overflow_statue, blue_anna_alchemist
          [blue_anna_fruit_fields, blue_anna_fruit_fields], uniq_maggie
D:9:      layout_roguey, erik_lair_island, serial_shops, shop_statue
D:10:     kennysheep_blocky_room, layout_long_grid, serial_shops, shop
D:11:     layout_small_grid, david_orc_2, lemuel_altar_in_water
D:12:     layout_roguey, portal_ice_cave_entry_imps, enter_bailey_2,
          kennysheep_small_spiral
Temple:   regret_index_temple_generic_petals

Skill      XL: |  1  2  3  4  5  6  7  8  9 10 11 |
---------------+----------------------------------+-----
Throwing       | 1 2 3 4 5 7 |  7.0
Conjurations   | 2 3 4 5 6 8 9 10 | 10.2
Invocations    | 1 3 4 5 |  5.3
Translocations | 3 4 |  4.2
Spellcasting   | 6 8 |  8.7
Air Magic      | 2 4 5 |  5.2
Fighting       | |  0.1
Dodging        | |  2.0
Stealth        | |  2.6
Summonings     | |  1.0

Action                   |  1- 3 |  4- 6 |  7- 9 | 10-12 || total
-------------------------+-------+-------+-------+-------++-------
Melee: Unarmed           |     2 |       |       |       ||     2
       Constrict         |     7 |    24 |    41 |    37 ||   109
       Dagger            |    19 |    39 |   185 |    11 ||   254
       Short sword       |     8 |    15 |       |       ||    23
       Tentacles         |     3 |    18 |    31 |    28 ||    80
       Rapier            |       |    39 |       |   163 ||   202
Throw: Dart              |       |     6 |    27 |       ||    33
       Boomerang         |       |       |    14 |     2 ||    16
 Cast: Magic Dart        |    83 |    46 |   171 |    77 ||   377
       Call Imp          |     1 |     9 |    12 |     4 ||    26
       Blink             |     1 |     2 |    14 |    15 ||    32
       Conjure Flame     |       |     2 |     7 |     1 ||    10
       Mephitic Cloud    |       |       |    24 |    56 ||    80
       Lightning Bolt    |       |       |     3 |    15 ||    18
       Searing Ray       |       |       |       |    22 ||    22
       Airstrike         |       |       |       |     5 ||     5
       Iskenderun's Myst |       |       |       |     1 ||     1
Invok: Channel Magic     |       |       |       |     2 ||     2
Evoke: Wand              |       |       |     5 |     6 ||    11
  Use: Scroll            |     1 |       |     1 |     1 ||     3
       Potion            |       |     1 |     7 |     5 ||    13
 Stab: Sleeping          |     3 |     9 |     6 |     5 ||    23
       Distracted        |       |     1 |     1 |       ||     2
       Confused          |       |       |    10 |    14 ||    24
       Paralysed         |       |       |     2 |       ||     2
  Eat: Chunk             |     2 |    11 |    17 |    12 ||    42
       Ration            |       |       |     2 |     3 ||     5
Armor: Skin              |     1 |     3 |    20 |     7 ||    31
Dodge: Dodged            |    22 |    57 |   129 |   164 ||   372
Block: Other             |       |       |       |    56 ||    56
       Reflection        |       |       |       |     5 ||     5

Table legend:
 A = Non-vault XP
 B = Vault XP
 C = Vault XP percentage of total XP
 D = Non-vault monster count
 E = Vault monster count
 F = Vault count percentage of total count
                 A         B        C        D         E       F
            +---------+---------+-------+---------+---------+-------
      Total |    9287 |    3538 |  27.6 |     238 |      30 |  11.2
            +---------+---------+-------+---------+---------+-------
        D:1 |      45 |       0 |   0.0 |      25 |       0 |   0.0
        D:2 |      50 |       1 |   2.0 |      22 |       1 |   4.3
        D:3 |     106 |      28 |  20.9 |      35 |       3 |   7.9
        D:4 |     359 |       0 |   0.0 |      10 |       0 |   0.0
        D:5 |    1026 |     625 |  37.9 |      23 |       9 |  28.1
        D:6 |     633 |       0 |   0.0 |      17 |       0 |   0.0
        D:7 |     934 |       0 |   0.0 |      32 |       0 |   0.0
        D:8 |    1369 |     470 |  25.6 |      16 |       2 |  11.1
        D:9 |    1366 |     920 |  40.2 |      22 |       9 |  29.0
       D:10 |    1571 |    1494 |  48.7 |      20 |       6 |  23.1
       D:11 |     747 |       0 |   0.0 |       8 |       0 |   0.0
       D:12 |    1081 |       0 |   0.0 |       8 |       0 |   0.0
            +---------+---------+-------+---------+---------+-------
